Map: 2000 Atmospheres LE

Players

DPGRogue (Rogue) - Winner!

  • Race: Zerg Zerg

DPGDark (Dark)

  • Race: Zerg Zerg
  • League: Master

Event: TSL 8

VOD

Have the link to the VOD?

Description

Time

  • Played on: Dec. 5, 2021, 8:26 a.m.
  • Length: 10:18

All games in this series

Show
View Real Time Build Order
Export as new Build Order

DPGRogue Zerg - Winner!

Build Orders: Hatch First 

Get SALT Encoding   

  12  0:00  Drone  
  13  0:11  Overlord  
  13  0:16  Drone  
  14  0:30  Drone x2  
  16  0:46  Hatchery  
  15  0:50  Drone  
  15  0:53  Drone  
  17  0:57  Drone  
  18  1:07  Extractor  
  17  1:12  Spawning Pool  
  17  1:15  Drone  
  18  1:18  Drone  
  18  1:27  Drone  
  19  1:46  Drone  
  20  1:48  Drone  
  21  1:59  Queen x2  
  21  2:00  Zergling x2, Overlord  
  26  2:11  Drone x2  
  26  2:12  Metabolic Boost  
  28  2:22  Drone x2  
  30  2:32  Drone x2  
  30  2:36  Hatchery  
  31  2:42  Queen  
  33  2:48  Baneling Nest  
  33  2:50  Drone  
  33  2:55  Overlord  
  33  2:58  Zergling x2  
  34  2:59  Drone  
  34  3:04  Drone  
  36  3:13  Drone x5  
  36  3:15  Drone  
  36  3:17  Zergling x2  
  43  3:21  Overlord  
  43  3:24  Drone  
  44  3:29  Evolution Chamber  
  44  3:33  Drone  
  44  3:40  Drone  
  44  3:41  Drone x3  
  48  3:44  Drone x2  
  50  3:49  Roach Warren  
  50  3:51  Drone x2  
  50  3:52  Drone x2  
  54  3:55  Zergling x2  
  54  3:57  Zerg Missile Weapons Level 1  
  54  3:59  Extractor  
  54  4:00  Zergling x2, Extractor  
  53  4:03  Overlord  
  53  4:08  Baneling  
  53  4:11  Drone x2  
  53  4:12  Drone x2  
  53  4:13  Overlord  
  53  4:17  Overlord  
  57  4:20  Overlord  
  57  4:28  Roach x2  
  57  4:29  Roach  
  57  4:30  Roach  
  64  4:34  Roach  
  64  4:35  Drone x2  
  68  4:40  Lair  
  68  4:41  Baneling  
  68  4:44  Drone x2, Baneling  
  68  4:45  Drone  
  69  4:53  Drone  
  69  4:54  Drone x4  
  69  4:56  Drone  
  69  4:57  Drone  
  75  5:04  Drone x5  
  80  5:11  Drone x2  
  80  5:12  Drone x3  
  80  5:14  Extractor  
  84  5:19  Extractor  
  84  5:20  Zergling x2  
  84  5:22  Extractor  
  84  5:28  Drone  
  84  5:29  Pneumatized Carapace  
  84  5:30  Overlord  
  84  5:31  Roach x3, Overlord  
  90  5:36  Overlord  
  90  5:38  Glial Reconstitution  
  90  5:43  Drone, Spire, Overlord  
  90  5:47  Overlord  
  90  5:48  Overlord  
  90  5:50  Roach  
  90  5:51  Roach x3  
  90  5:52  Roach  
  90  5:56  Roach  
  102  6:00  Drone  
  102  6:02  Evolution Chamber  
  101  6:04  Zerg Missile Weapons Level 2  
  101  6:08  Roach x2  
  101  6:09  Roach  
  107  6:13  Drone  
  108  6:19  Roach x3  
  108  6:20  Roach  
  108  6:21  Overseer  
  116  6:26  Hatchery, Overlord  
  116  6:27  Zerg Ground Armor Level 1  
  115  6:37  Overlord  
  115  6:44  Queen  
  115  6:46  Drone  
  118  6:52  Roach x4  
  118  6:53  Roach x5  
  136  6:54  Overlord  
  136  6:57  Nydus Network, Roach  
  136  6:58  Roach  
  136  6:59  Roach  
  141  7:06  Roach x4  
  149  7:09  Overlord  
  149  7:14  Roach x3  
  155  7:20  Overlord  
  155  7:24  Roach x3  
  155  7:25  Overlord  
  155  7:26  Ravager  
  155  7:27  Overlord  
  162  7:30  Overlord  
  162  7:35  Overlord  
  162  7:38  Roach  
  162  7:39  Roach x4  
  162  7:41  Roach  
  173  7:49  Roach x4  
  168  7:58  Roach  
  168  7:59  Nydus Canal, Roach x2  
  168  8:02  Roach  
  160  8:07  Roach x3  
  166  8:12  Roach  
  166  8:13  Roach  
  168  8:20  Roach x2  
  168  8:21  Roach  
  174  8:28  Ravager x2  
  174  8:29  Ravager x3  
  174  8:30  Ravager  
  174  8:31  Ravager, Roach  
  174  8:32  Roach x2  
  187  8:35  Roach  
  189  8:45  Roach x5  
  199  8:54  Ravager  
  200  8:56  Nydus Canal  
  200  9:16  Nydus Canal  
  196  9:29  Roach x10  
  185  9:32  Roach x5  
  185  9:33  Overlord  
  185  9:37  Roach x7  
  176  9:39  Roach  
  176  9:42  Roach  
  174  9:46  Roach  
  174  9:48  Nydus Canal  
  174  9:52  Roach  
  176  9:53  Roach  
  176  9:55  Roach  
  176  9:56  Roach x2  
Show
View Real Time Build Order
Export as new Build Order

DPGDark Zerg 

Build Orders: Hatch First 

Get SALT Encoding   

  12  0:00  Drone  
  13  0:12  Overlord  
  13  0:16  Drone  
  14  0:30  Drone x2  
  16  0:47  Hatchery  
  15  0:51  Drone  
  15  0:54  Drone  
  17  0:58  Drone  
  18  1:08  Extractor  
  17  1:12  Spawning Pool  
  17  1:15  Drone  
  17  1:18  Drone  
  18  1:27  Drone  
  19  1:39  Drone  
  20  1:50  Drone  
  21  1:59  Queen x2  
  21  2:00  Drone, Zergling x2  
  27  2:10  Overlord  
  27  2:11  Drone  
  27  2:13  Metabolic Boost  
  28  2:28  Drone x2  
  30  2:31  Drone  
  30  2:32  Zergling x2  
  32  2:37  Hatchery  
  31  2:46  Baneling Nest  
  31  2:49  Queen  
  32  2:55  Overlord  
  32  2:58  Drone  
  33  3:03  Drone  
  34  3:06  Drone x2  
  36  3:14  Drone x3  
  36  3:15  Drone  
  36  3:19  Overlord  
  40  3:22  Drone  
  40  3:24  Drone  
  42  3:32  Overlord  
  42  3:38  Baneling  
  42  3:39  Evolution Chamber  
  42  3:40  Zergling x4  
  42  3:41  Drone  
  44  3:42  Drone  
  44  3:43  Drone  
  44  3:44  Drone  
  44  3:47  Drone x2  
  49  3:48  Drone  
  49  3:51  Drone  
  49  3:54  Drone x2  
  53  3:57  Extractor  
  51  4:02  Roach Warren  
  51  4:05  Drone x3  
  51  4:09  Zerg Missile Weapons Level 1  
  53  4:11  Drone  
  54  4:17  Zergling x8  
  54  4:20  Zergling x2  
  59  4:26  Baneling x2  
  59  4:30  Zergling x2  
  59  4:31  Zergling x8  
  63  4:40  Overlord  
  63  4:41  Drone x2  
  63  4:43  Baneling  
  63  4:44  Baneling  
  63  4:45  Overlord  
  65  4:46  Drone  
  65  4:55  Overlord x2  
  65  4:57  Overlord  
  65  4:58  Extractor  
  65  4:59  Spine Crawler, Roach x2, Extractor  
  65  5:01  Roach x4  
  65  5:05  Roach  
  74  5:09  Lair  
  74  5:10  Drone  
  74  5:13  Drone x3  
  78  5:15  Drone  
  78  5:16  Drone  
  78  5:19  Drone x2  
  78  5:20  Drone  
  83  5:21  Drone  
  83  5:23  Drone  
  83  5:24  Drone  
  87  5:34  Pneumatized Carapace, Drone  
  87  5:35  Drone  
  89  5:36  Drone  
  89  5:37  Drone  
  89  5:38  Drone x2  
  89  5:41  Drone  
  94  5:43  Extractor  
  94  5:45  Extractor  
  94  5:47  Drone  
  94  5:48  Drone x3  
  96  5:51  Drone x2  
  98  6:01  Evolution Chamber  
  98  6:03  Roach x2  
  98  6:04  Roach x2  
  105  6:07  Glial Reconstitution, Overlord x2  
  105  6:08  Zerg Missile Weapons Level 2  
  105  6:10  Overseer  
  104  6:12  Overlord  
  104  6:18  Overlord  
  104  6:19  Overlord  
  104  6:27  Zerg Ground Armor Level 1, Spore Crawler  
  104  6:28  Drone, Spore Crawler  
  104  6:29  Drone  
  104  6:30  Roach x6, Spore Crawler  
  115  6:36  Baneling x4  
  115  6:37  Baneling  
  115  6:38  Baneling  
  115  6:44  Roach x4  
  123  6:57  Roach x6  
  123  6:58  Hatchery  
  134  7:05  Roach x4  
  142  7:09  Overlord  
  142  7:13  Overlord  
  142  7:14  Overlord x2  
  142  7:23  Roach  
  142  7:25  Overlord  
  142  7:26  Overlord x2  
  142  7:27  Overlord  
  142  7:28  Roach x3  
  150  7:30  Ravager x2  
  150  7:31  Ravager  
  150  7:35  Overseer, Roach x3  
  153  7:47  Roach x7  
  153  7:51  Roach x2  
  167  7:52  Roach  
  167  7:53  Roach  
  170  8:00  Roach  
  170  8:03  Roach  
  170  8:04  Roach  
  162  8:11  Overseer  
  162  8:13  Roach x6  
  162  8:18  Roach x2  
  178  8:20  Ravager x2  
  178  8:21  Ravager  
  178  8:25  Overlord  
  181  8:31  Roach x2  
  185  8:38  Roach x3  
  191  8:42  Overlord x2  
  191  8:43  Hatchery  
  191  8:46  Roach x2  
  191  8:47  Ravager  
  191  8:48  Ravager  
  196  8:53  Roach  
  196  8:54  Ravager  
  199  9:00  Hydralisk Den  
  199  9:01  Infestation Pit  
  197  9:03  Drone  
  194  9:29  Roach x5  
  194  9:30  Roach x2  
  169  9:34  Roach x4  
  169  9:37  Roach  
  169  9:38  Roach x2  
  135  9:40  Roach  
  135  9:41  Roach  
  124  9:46  Roach  
  124  9:50  Roach  
  124  9:52  Roach  
Tags
 
Add a new tag
Caveats
  • Supply blocks, unpowered buildings, or Contaminate may cause inaccurate times.
  • Supply counts are checked every 10 seconds.